 Dungeon Crawl Stone Soup version 0.21-a0-442-g848f44b (webtiles) character file.

3087 kae the Destroyer (level 9, -2/45 HPs)
             Began as a Tengu Fire Elementalist on Nov 12, 2017.
             Was an Initiate of Vehumet.
             Slain by a hippogriff (8 damage)
             ... on level 7 of the Dungeon.
             The game lasted 00:14:25 (11416 turns).

kae the Destroyer (Tengu Fire Elementalist)        Turns: 11416, Time: 00:14:25

Health: -2/45      AC:  4    Str:  8    XL:     9   Next: 89%
Magic:  11/21      EV: 13    Int: 19    God:    Vehumet [......]
Gold:   517        SH:  2    Dex: 15    Spells: 7/22 levels left

rFire    . . .     SeeInvis .   j - +0 short sword (venom)
rCold    + . .     Gourm    .   (no shield)
rNeg     . . .     Faith    .   a - +0 robe
rPois    .         Spirit   .   F - +1 hat
rElec    .         Reflect  +   G - scarf {repulsion}
rCorr    .         Harm     .   n - +0 pair of gloves
MR       +....                  (boots unavailable)
Stlth    ++........             y - +2 amulet of reflection
HPRegen  0.15/turn              C - ring of protection from cold
MPRegen  0.17/turn              i - ring of protection from magic (curse)

@: repel missiles
A: beak, talons 3, able to fly 1
a: Fly, Renounce Religion


You were on level 7 of the Dungeon.
You worshipped Vehumet.
Vehumet was noncommittal.
You were hungry.

You visited 2 branches of the dungeon, and saw 8 of its levels.
You also visited: Ossuary.

You collected 517 gold pieces.

Inventory:

Hand Weapons
 j - a +0 short sword of venom (weapon)
Armour
 a - a +0 robe (worn)
 n - a +0 pair of gloves (worn)
 F - a +1 hat (worn)
 G - a scarf of repulsion (worn)
Jewellery
 i - a cursed ring of protection from magic (right hand)
 q - an uncursed ring of flight
 s - an uncursed amulet of rage
 x - an uncursed amulet of harm
 y - a +2 amulet of reflection (around neck)
 C - a ring of protection from cold (left hand)
Wands
 p - a wand of digging (15/24)
 w - a wand of confusion (17/48)
Scrolls
 e - a scroll of amnesia
 h - 7 scrolls of teleportation
 l - a scroll of fog
 A - a scroll of recharging
 E - a scroll of identify
Potions
 d - 2 potions of lignification
 f - 2 potions of invisibility {unknown}
 g - a potion of mutation
 k - 2 potions of curing
 m - a potion of degeneration {unknown}
 r - a potion of cancellation {unknown}
 u - 4 potions of heal wounds {unknown}
 z - 3 potions of haste {unknown}
 B - 2 potions of brilliance {unknown}
Books
 b - a book of Flames

   Spells                             Type                      Level
   a - Flame Tongue                   Conjuration/Fire             1
   b - Throw Flame                    Conjuration/Fire             2
   c - Conjure Flame                  Conjuration/Fire             3
   d - Inner Flame                    Hexes/Fire                   3
   e - Sticky Flame                   Conjuration/Fire             4
   f - Fireball                       Conjuration/Fire             5
 t - a book of Maledictions

   Spells                             Type                      Level
   a - Corona                         Hexes                        1
   b - Ensorcelled Hibernation        Hexes/Ice                    2
   c - Confuse                        Hexes                        3
   d - Tukima's Dance                 Hexes                        3
   e - Dazzling Spray                 Conjuration/Hexes            3
Comestibles
 c - 5 bread rations
 o - 4 meat rations
 D - 5 fruits


   Skills:
 - Level 2.1 Dodging
 - Level 2.0 Stealth
 + Level 7.4 Spellcasting
 + Level 10.1 Conjurations
 + Level 9.1 Fire Magic


You had 7 spell levels left.
You knew the following spells:

 Your Spells              Type           Power        Failure   Level  Hunger
a - Flame Tongue          Conj/Fire      #####        1%          1    None
b - Throw Flame           Conj/Fire      #####.       1%          2    None
c - Conjure Flame         Conj/Fire      #####...     1%          3    #......
d - Sticky Flame          Conj/Fire      #####...     1%          4    ###....
e - Fireball              Conj/Fire      #####.....   4%          5    #####..


Dungeon Overview and Level Annotations

Branches:
Dungeon (7/15)             Temple (1/1) D:7

Altars:
Cheibriados
Dithmenos
Hepliaklqana
Makhleb
Nemelex Xobeh
Okawaru
Qazlal
Ru
Sif Muna
Uskayaw
Vehumet
Xom
The Shining One

Annotations:
D:2 Sigmund


Innate Abilities, Weirdness & Mutations

You have a beak for a mouth.
You have claws for feet.
You can fly.


Message History

Confirm with . or Enter, or press ? or * to list all spells.
Aiming: Flame Tongue
Press: ? - help, Shift-Dir - straight line, f/p - hippogriff
Aim: a hippogriff (severely wounded)
The flame tongue hits the hippogriff.
The hippogriff appears unharmed.
The hippogriff is severely wounded.
The hippogriff bites you. The hippogriff pecks you.
* * * LOW HITPOINT WARNING * * *
The hippogriff misses you.
Casting: Flame Tongue
Confirm with . or Enter, or press ? or * to list all spells.
Aiming: Flame Tongue
Press: ? - help, Shift-Dir - straight line, f/p - hippogriff
Aim: a hippogriff (severely wounded)
The flame tongue hits the hippogriff.
The hippogriff is almost dead.
The hippogriff bites you!
* * * LOW HITPOINT WARNING * * *
The hippogriff pecks you!
You die...

#.###.#######
#####.#..........
#.....#.#.#.###.#
###.#.#.#.#.# #.#
#.#.#.#.#.# #.#
#.#.#.#.#.# #.####
#.#.#.#.#.###.....
#.#.#.#...........
#@#.#.#.#.#.......
###H#.#.#.#.###.###.
#...............# #.
###.#.###.#.#######.
#.#.#..>..........
#<#)#.###.......#.
###.#.###.......#.
#.#.##........#.
#.#.##........#.


You could see a hippogriff.

Vanquished Creatures
  The ghost of Ratty the Charlatan, a novice GnAr (D:5)
  A hippogriff (D:7)
  Duvessa (D:7)
  2 ice beasts
  A sky beast (D:7)
  A phantom (D:7)
  3 ogres
  2 centaurs
  2 water moccasin zombies (Ossuary)
  5 scorpions
  Dowan (D:7)
  3 howler monkeys
  2 bullfrog zombies (D:6)
  7 crimson imps
  2 orc priests
  3 hounds
  A jelly (D:5)
  4 orc wizards
  A bullfrog skeleton (D:7)
  2 centaur skeletons (D:6)
  An iguana (D:7)
  5 worker ants
  2 big kobold zombies (Ossuary)
  2 mummies (Ossuary)
  7 gnolls
  15 adders
  A shadow imp (D:7)
  3 oozes
  4 adder zombies (Ossuary)
  2 worms
  4 dart slugs
  3 leopard geckos
  16 orcs
  5 bats
  6 giant cockroaches
  5 gnoll zombies (Ossuary)
  7 goblins
  10 hobgoblins
  6 jackals
  4 quokkas
  2 frilled lizards
  A giant cockroach zombie (D:5)
  7 hobgoblin zombies (Ossuary)
  2 jackal skeletons
  7 kobolds
  6 kobold zombies (Ossuary)
  A leopard gecko skeleton (D:5)
  12 rats
191 creatures vanquished.

Notes
Turn   | Place    | Note
-------+----------+-------------------------------------------
     0 | D:1      | kae the Tengu Fire Elementalist began the quest for the Orb.
     0 | D:1      | Reached XP level 1. HP: 10/10 MP: 4/4
   287 | D:1      | Reached XP level 2. HP: 6/15 MP: 4/6
   293 | D:1      | Reached skill level 2 in Conjurations
   732 | D:1      | Reached XP level 3. HP: 11/19 MP: 5/7
  1207 | D:1      | Learned a level 2 spell: Throw Flame
  1211 | D:1      | Learned a level 3 spell: Conjure Flame
  1656 | D:2      | Reached skill level 3 in Conjurations
  1692 | D:2      | Reached XP level 4. HP: 15/24 MP: 6/9
  2472 | D:2      | Noticed Sigmund
  3351 | D:3      | Gained mutation: You can fly. [Tengu growth]
  3351 | D:3      | Reached XP level 5. HP: 22/28 MP: 0/10
  3552 | D:3      | Reached skill level 4 in Conjurations
  4565 | D:3      | Reached XP level 6. HP: 19/32 MP: 10/12
  4899 | D:4      | Reached skill level 5 in Fire Magic
  5185 | D:4      | Reached skill level 5 in Conjurations
  5753 | D:5      | Entered Level 5 of the Dungeon
  6009 | D:5      | Found a sand-covered staircase.
  6058 | Ossuary  | Entered an ossuary
  6105 | Ossuary  | Reached XP level 7. HP: 36/36 MP: 14/14
  6838 | Ossuary  | Reached skill level 6 in Conjurations
  7343 | D:5      | Noticed Ratty's ghost (novice GnAr)
  7354 | D:5      | Killed Ratty's ghost
  7354 | D:5      | Reached skill level 5 in Spellcasting
  7354 | D:5      | Reached skill level 7 in Conjurations
  7354 | D:5      | Reached XP level 8. HP: 27/41 MP: 4/16
  8540 | D:6      | Reached skill level 8 in Conjurations
  8939 | D:6      | Reached XP level 9. HP: 32/45 MP: 13/19
  9519 | D:6      | Learned a level 4 spell: Sticky Flame
  9525 | D:6      | Learned a level 5 spell: Fireball
  9684 | D:6      | Reached skill level 9 in Conjurations
  9827 | D:6      | Found a stormy altar of Qazlal.
 10556 | D:7      | Noticed Duvessa
 10556 | D:7      | Noticed Dowan
 10568 | D:7      | Killed Dowan
 10573 | D:7      | HP: 2/45 [Duvessa/short sword (15)]
 10574 | D:7      | Killed Duvessa
 10988 | D:7      | Reached skill level 10 in Conjurations
 11118 | D:7      | Found a staircase to the Ecumenical Temple.
 11222 | Temple   | Entered the Ecumenical Temple
 11327 | Temple   | Became a worshipper of Vehumet
 11416 | D:7      | Slain by a hippogriff

Vault maps used:
D:1:      nzn_arrival_settlement, minmay_misc_feat_rows, minmay_crystal_water
D:2:      uniq_sigmund
D:3:      kennysheep_pointless_box, minmay_misc_feat_tower, serial_bayou_pond_e
D:4:      first_bread, hangedman_feature_mirror
D:5:      nicolae_ossuary_entry_plus
D:6:      nicolae_qazlal_general_emergency
D:7:      minmay_the_grid_octo_triangle, minmay_temple_entry_glassed_door,
          grunt_livestock, uniq_duvessa
Temple:   dshaligram_water_room_temple
Ossuary:  ossuary_tomb_2

Skill      XL: |  1  2  3  4  5  6  7  8  9 |
---------------+----------------------------+-----
Conjurations   | 2 3 4 5 7 8 10 | 10.1
Fire Magic     | 4 5 6 7 9 |  9.1
Spellcasting   | 3 4 5 6 7 |  7.4
Dodging        | |  2.1
Stealth        | |  2.0

Action                   |  1- 3 |  4- 6 |  7- 9 || total
-------------------------+-------+-------+-------++-------
Melee: Unarmed           |    33 |       |       ||    33
       Kick              |     9 |    31 |    49 ||    89
       Peck              |     4 |    19 |    21 ||    44
       Short sword       |    10 |   136 |   198 ||   344
 Cast: Flame Tongue      |    43 |    59 |   215 ||   317
       Throw Flame       |       |     4 |    16 ||    20
       Conjure Flame     |       |       |    15 ||    15
       Sticky Flame      |       |       |     2 ||     2
 Abil: Fly               |       |       |     1 ||     1
Evoke: Wand              |       |       |     3 ||     3
  Use: Scroll            |       |    11 |     4 ||    15
       Potion            |       |       |     1 ||     1
 Stab: Distracted        |     2 |       |       ||     2
       Sleeping          |     3 |    11 |     1 ||    15
  Eat: Chunk             |     3 |    14 |    14 ||    31
       Royal jelly       |       |       |     1 ||     1
       Fruit             |       |       |     2 ||     2
Armor: Robe              |    14 |    32 |    63 ||   109
Dodge: Dodged            |    40 |   112 |   146 ||   298
Block: Other             |       |       |    16 ||    16

Table legend:
 A = Spawn XP
 B = Non-spawn XP
 C = Spawn XP percentage of total XP
 D = Spawn monster count
 E = Non-spawn monster count
 F = Spawn count percentage of total count
 G = Total turns spent on level
                    A         B        C        D         E        F      G
               +---------+---------+-------+---------+---------+-------+---------
         Total |       0 |    4411 |   0.0 |       0 |     191 |   0.0 | 11416
               +---------+---------+-------+---------+---------+-------+---------
           D:1 |       0 |      51 |   0.0 |       0 |      29 |   0.0 |  1576
           D:2 |       0 |      49 |   0.0 |       0 |      13 |   0.0 |  1053
           D:3 |       0 |     214 |   0.0 |       0 |      34 |   0.0 |  2007
           D:4 |       0 |     213 |   0.0 |       0 |      18 |   0.0 |  1117
           D:5 |       0 |    1110 |   0.0 |       0 |      20 |   0.0 |  1571
           D:6 |       0 |     986 |   0.0 |       0 |      26 |   0.0 |  1743
           D:7 |       0 |    1501 |   0.0 |       0 |      23 |   0.0 |  1260
       Ossuary |       0 |     287 |   0.0 |       0 |      28 |   0.0 |   967
               +---------+---------+-------+---------+---------+-------+---------
